 Dungeon Crawl Stone Soup version 0.31-a0-217-g58bb5d79cf (webtiles) character file.

Game seed: 2140206948910738712

343 Zonian the Grave Robber (level 6, -12/32 HPs)
             Began as a Deep Elf Necromancer on July 2, 2023.
             Mangled by an ogre
             ... wielding a +0 giant club
              (22 damage)
             ... on level 4 of the Dungeon.
             The game lasted 00:07:13 (4702 turns).

Zonian the Grave Robber (Deep Elf Necromancer)      Turns: 4702, Time: 00:07:15

Health: -12/32     AC:  4    Str:  5    XL:     6   Next: 31%
Magic:  0/15       EV: 14    Int: 22    God:
Gold:   81         SH:  0    Dex: 15    Spells: 14/15 levels left

rFire   . . .        c - +5 hand axe (elec)
rCold   . . .        (no shield)
rNeg    . . .        a - +0 robe
rPois   .            (no helmet)
rElec   .            (no cloak)
rCorr   .            (no gloves)
SInv    .            r - +1 pair of boots
Will    .....        y - amulet of guardian spirit
Stlth   +++          (no ring)
HPRegen 0.25/turn    (no ring)
MPRegen 0.14/turn

%: guardian spirit
@: no status effects
A: no striking features
a: no special abilities


You were on level 4 of the Dungeon.
You visited 1 branch of the dungeon, and saw 4 of its levels.

You collected 81 gold pieces.

Inventory:

Hand Weapons
 c - a +5 hand axe of electrocution (weapon)
 l - a +0 short sword
 q - a +0 sling
 A - a +0 rapier
Missiles
 h - 5 javelins
 x - 6 poisoned darts
 D - a throwing net
Armour
 a - a +0 robe (worn)
 r - a +1 pair of boots (worn)
Jewellery
 d - a ring of fire
 e - an amulet of faith
 y - an amulet of guardian spirit (around neck)
 C - a ring of fire
Wands
 s - a wand of flame (17)
 B - a wand of iceblast (8)
Scrolls
 f - a scroll of teleportation
 g - a scroll of identify
 u - a scroll of blinking
Potions
 b - 2 potions of magic
 j - a potion of haste
 k - 2 potions of lignification
 m - a potion of mutation {unknown}
 o - 2 potions of curing {unknown}
 p - a potion of brilliance {unknown}
 t - a potion of attraction


   Skills:
 + Level 4.5 Dodging
 + Level 4.7 Stealth
 + Level 5.2 Spellcasting
 + Level 6.2 Necromancy


You had 14 spell levels left.
You knew the following spells:

 Your Spells              Type           Power      Damage    Failure   Level
a - Necrotise             Necr           100%       1d9       1%          1

Your spell library contained the following spells:

 Spells                   Type           Power      Damage    Failure   Level
 Vampiric Draining        Necr           33%        2d8       2%          3
 Animate Dead             Necr           33%        N/A       8%          4
 Agony                    Necr           33%        N/A       22%         5
 Inner Flame              Hex/Fire       5%         N/A       30%         3
 Yara's Violent Unravell  Hex/Tmut       2%         3d3       95%         5
 Enfeeble                 Hex            2%         N/A       100%        7


Dungeon Overview and Level Annotations

Branches:
Dungeon (4/15)
 Temple: D:4-7

Altars:
Trog

Shops:
D:2 :


Message History

You see here a scroll of identify.
g - a scroll of identify
There is a stone staircase leading up here.
Unknown command.
The ogre writhes in agony!
The adder hisses angrily.
The ogre barely resists.
The ogre barely misses you.
The ogre writhes in agony.
The ogre misses you.
Unknown command.
The ogre writhes in agony.
The ogre writhes in agony.
The ogre hits you with a +0 giant club!!
Ouch! That really hurt!
The adder barely misses you.
Unknown command.
You are too injured to fight recklessly!
Unknown command.
Casting: Necrotise (safe; 1% risk of failure)
Confirm with . or Enter, or press ? or * to list all spells.
Aiming: Necrotise (safe; 1% risk of failure)
Press: ? - help, Shift-Dir - straight line, f/p - ogre
Aim: an ogre, wielding a +0 giant club (heavily wounded, chance to affect: 83%)
The ogre writhes in agony!
The adder closely misses you. The ogre misses you.
Unknown command.
Casting: Necrotise (safe; 1% risk of failure)
Confirm with . or Enter, or press ? or * to list all spells.
Aiming: Necrotise (safe; 1% risk of failure)
Press: ? - help, Shift-Dir - straight line, f/p - ogre
Aim: an ogre, wielding a +0 giant club (almost dead, chance to affect: 83%)
The ogre barely resists.
The adder closely misses you.
Unknown command.
Casting: Necrotise (safe; 1% risk of failure)
Confirm with . or Enter, or press ? or * to list all spells.
Aiming: Necrotise (safe; 1% risk of failure)
Press: ? - help, Shift-Dir - straight line, f/p - ogre
Aim: an ogre, wielding a +0 giant club (almost dead, chance to affect: 83%)
The ogre writhes in agony.
The adder closely misses you.
The ogre hits you with a +0 giant club!!
Ouch! That really hurt!
You die...

.....#.......... #........?.....
###............. ............#
...........## ####...#...#
#.###.### #..##O.####. .... ..
##..@....#.. ##... . ##
#...S.......####...# . .
.##...................# ..##.
....#................##
#....####.## #........##.......##
#........# #..#......##<........#
#........###.##.#.........>.....#
.........##.....##....###....#...
......##†#...#.##.....###........


You could see an ogre and an adder.

Vanquished Creatures
  2 orc priests (D:3)
  A hound (D:4)
  A sleepcap (D:3)
  Natasha (thrice) (D:2)
  An adder (D:3)
  A worm (D:3)
  3 dart slugs
  8 orcs
  4 ball pythons
  6 bats
  4 endoplasms
  3 giant cockroaches
  5 goblins
  10 hobgoblins
  4 quokkas
  4 frilled lizards
  7 kobolds
  6 rats
73 creatures vanquished.

Vanquished Creatures (collateral kills)
  An orc priest (D:4)
  An orc wizard (D:3)
  An endoplasm (D:1)
  A goblin (D:3)
4 creatures vanquished.

Grand Total: 77 creatures vanquished

Notes
Turn   | Place    | Note
-------+----------+-------------------------------------------
     0 | D:1      | Zonian the Deep Elf Necromancer began the quest for the
                  | Orb.
     0 | D:1      | Reached XP level 1. HP: 10/10 MP: 6/6
   212 | D:1      | Reached XP level 2. HP: 15/15 MP: 5/8
   213 | D:1      | Reached skill level 5 in Necromancy
  1050 | D:1      | Reached XP level 3. HP: 19/19 MP: 6/10
  1179 | D:2      | Noticed Natasha
  1182 | D:2      | Killed Natasha
  1379 | D:2      | Found Kakkihy's Vocational Training.
  1589 | D:2      | Noticed Natasha
  1599 | D:2      | Killed Natasha
  1600 | D:2      | Reached XP level 4. HP: 13/24 MP: 7/12
  1821 | D:2      | Noticed Natasha
  1827 | D:2      | Killed Natasha
  2835 | D:3      | Reached XP level 5. HP: 28/28 MP: 11/13
  3009 | D:3      | Reached skill level 6 in Necromancy
  3012 | D:3      | Reached skill level 5 in Spellcasting
  3012 | D:3      | Reached XP level 6. HP: 4/32 MP: 2/15
  3394 | D:3      | Found a bloodstained altar of Trog.
  4702 | D:4      | Mangled by an ogre

Illustrated notes

Levels and vault maps discovered:
D:1:      minmay_arrival_four_houses, layout_basic
D:2:      layout_basic, minivault_23, nicolae_shop_vocational, uniq_natasha
D:3:      layout_basic, lightli_temple_of_fire, hellmonk_no_cap
D:4:      layout_cave_pools, minmay_temple_entry_wispy, ebering_ghost_sewer_d

Skill      XL: |  1  2  3  4  5 |
---------------+----------------+-----
Necromancy     | 5 6 |  6.2
Stealth        | 3 4 |  4.7
Dodging        | 3 4 |  4.5
Spellcasting   | 4 5 |  5.2

Action                     |  1- 3 |  4- 6 || total
---------------------------+-------+-------++-------
  Melee: Hand axe          |    16 |    33 ||    49
   Cast: Necrotise         |    63 |    57 ||   120
    Use: Potion            |       |     4 ||     4
         Scroll            |       |    11 ||    11
   Stab: Sleeping          |     1 |     2 ||     3
 Armour: Robe              |     8 |    10 ||    18
  Dodge: Dodged            |    34 |    45 ||    79

Table legend: (Time is in decaauts)
 A = Elapsed time spent in this place.
 B = Non-inter-level travel time spent in this place.
 C = Inter-level travel time spent in this place.
 D = Time resting spent in this place.
 E = Time spent auto-exploring this place.
 F = Levels seen in this place.
 G = Mean time per level.
                   A        B        C        D        E       F      G
               +--------+--------+--------+--------+--------+-----+--------+
         Total |   4710 |   4545 |    165 |   1564 |   2369 |   4 | 1177.5 |
       Dungeon |   4710 |   4545 |    165 |   1564 |   2369 |   4 | 1177.5 |
               +--------+--------+--------+--------+--------+-----+--------+

Top non-repeatable levels by time:
     D:3: 1984 daAuts
     D:2: 1452 daAuts
     D:1: 1128 daAuts
     D:4: 145 daAuts
